 Dungeon Sprint DCSS version 0.22-b1-26-g9dbaab1 (webtiles) character file.

1518 Lilu the Warrior (level 8, -11/97 HPs)
             Began as a Minotaur Berserker on Aug 6, 2018.
             Was a High Priest of Trog.
             Mangled by a death knight
             ... wielding a +1 battleaxe of electrocution
              (29 damage)
             ... in the Dungeon (Sprint IX: "|||||||||||||||||||||||||||||").
             The game lasted 00:03:36 (537 turns).

Lilu the Warrior (Minotaur Berserker)                Turns: 537, Time: 00:03:37

Health: -11/97     AC:  2    Str: 22    XL:     8   Next: 54%
Magic:  7/7        EV: 16    Int:  4    God:    Trog [*****.]
Gold:   0          SH:  0    Dex: 12    Spells: 7/7 levels left

rFire    . . .     SeeInvis .   a - +0 falchion
rCold    . . .     Gourm    .   (no shield)
rNeg     . . .     Faith    .   b - +0 animal skin
rPois    .         Spirit   .   (helmet restricted)
rElec    .         Reflect  .   (no cloak)
rCorr    .         Harm     .   (no gloves)
MR       .....     NoTele   +   (no boots)
Stlth    +.........             (no amulet)
HPRegen  0.26/turn              n - +2 ring of evasion
MPRegen  0.10/turn              o - +2 ring of evasion

@: hasted, very quick
A: retaliatory headbutt, horns 2
a: Berserk, Trog's Hand, Brothers in Arms, Renounce Religion


You were in the Dungeon.
You worshipped Trog.
Trog was extremely pleased with you.
You were very hungry.

You visited 1 branch

Inventory:

Hand Weapons
 a - a +0 falchion (weapon)
 q - a +2 halberd of protection
 s - the +2 dire flail of Eternal War {drain, rF- MP+9 Str+3 Dex+3}
   (You found it in the Dungeon)

   A truly terrible weapon, it drains the life of those it strikes.
   It affects your strength (+3).
   It affects your dexterity (+3).
   It makes you vulnerable to fire.
   It affects your magic capacity (+9).
Armour
 b - a +0 animal skin (worn)
 p - a +2 ring mail
Magical Staves
 m - an uncursed staff of energy
Jewellery
 n - a +2 ring of evasion (left hand)
 o - a +2 ring of evasion (right hand)
Wands
 l - a wand of iceblast (10)
Scrolls
 i - 2 scrolls of blinking
 k - 3 scrolls of remove curse
Potions
 d - 5 potions of curing
 e - a potion of heal wounds
 g - 4 potions of magic
 h - a potion of berserk rage
 j - a potion of invisibility
Comestibles
 c - a ration
 r - 3 chunks of flesh


   Skills:
 + Level 18.2 Fighting
 - Level 8.6 Long Blades
 + Level 9.4 Armour
 - Level 2.3 Dodging
 + Level 0.6 Stealth


You had 7 spell levels left.
You didn't know any spells.
Your spell library was empty.

Dungeon Overview and Level Annotations

Branches:
Dungeon (1/1)

Altars:
Cheibriados
Dithmenos
Elyvilon
Fedhas
Gozag
Hepliaklqana
Kikubaaqudgha
Makhleb
Nemelex Xobeh
Okawaru
Qazlal
Ru
Sif Muna
Trog
Uskayaw
Vehumet
Wu Jian
Xom
Yredelemnul
Zin
The Shining One
Beogh
Jiyva
Lugonu


Innate Abilities, Weirdness & Mutations

You reflexively headbutt those who attack you in melee.
You have a pair of horns on your head.


Message History

You headbutt the death knight, but do no damage.
You hit the death knight but do no damage.
The death knight is lightly wounded.
You hit the death knight but do no damage.
You headbutt the death knight, but do no damage.
The death knight is lightly wounded.
The death knight misses you.
You slash the death knight!
The death knight is lightly wounded.
You completely miss the death knight. You headbutt the death knight.
The death knight is lightly wounded.
The death knight calls down the wrath of Yredelemnul upon you.
Your body is wracked with pain!
* * * LOW HITPOINT WARNING * * *
You slash the death knight! Your headbutt misses the death knight.
The death knight is moderately wounded.
You hit the death knight.
The death knight is moderately wounded.
The death knight hits you with a battleaxe of electrocution!!
You die... ▓▓▓▓▓▓▓▓▓▓▓▓▓▓▓▓▓▓▓▓▓▓▓▓▓▓▓▓▓▓▓▓▓ .'...[[).).'___p@________________ ▓▓▓▓▓▓▓▓▓▓▓▓▓▓▓▓▓▓▓▓▓▓▓▓▓▓▓▓▓▓▓▓▓

You could see a death knight.

Vanquished Creatures
  A two-headed ogre (D)
  A troll (D)
  A hippogriff (D)
  A yak (D)
  An ice beast (D)
  A black bear (D)
  2 crimson imps (D)
  2 orc wizards (D)
  A worker ant (D)
  An adder zombie (D)
  2 dart slugs (D)
  A leopard gecko (D)
  A bat (D)
  A bat skeleton (D)
  A jackal (D)
  A kobold (D)
  A giant cockroach zombie (D)
  A rat (D)
21 creatures vanquished.

Notes
Turn   | Place    | Note
-------+----------+-------------------------------------------
     0 | D        | Lilu the Minotaur Berserker began the quest for the Orb.
     0 | D        | Reached XP level 1. HP: 19/19 MP: 0/0
     5 | D        | Reached skill level 4 in Fighting
     9 | D        | Reached ** piety under Trog
    81 | D        | Noticed a crimson imp
    81 | D        | Noticed a crimson imp
    81 | D        | Noticed an orc wizard
    85 | D        | Killed an orc wizard
    85 | D        | Reached *** piety under Trog
    85 | D        | Reached skill level 6 in Fighting
    85 | D        | Reached XP level 2. HP: 26/31 MP: 1/1
    85 | D        | Reached XP level 3. HP: 32/38 MP: 2/2
    90 | D        | Reached skill level 7 in Fighting
    90 | D        | Reached XP level 4. HP: 38/47 MP: 3/3
   105 | D        | Reached **** piety under Trog
   105 | D        | Reached skill level 8 in Fighting
   216 | D        | Found a roughly hewn altar of Beogh.
   216 | D        | Found a snail-covered altar of Cheibriados.
   216 | D        | Found a shadowy altar of Dithmenos.
   216 | D        | Found a white marble altar of Elyvilon.
   216 | D        | Found a blossoming altar of Fedhas.
   216 | D        | Found an opulent altar of Gozag.
   217 | D        | Found a hazy altar of Hepliaklqana.
   218 | D        | Found a viscous altar of Jiyva.
   219 | D        | Found an ancient bone altar of Kikubaaqudgha.
   220 | D        | Found a corrupted altar of Lugonu.
   221 | D        | Found a burning altar of Makhleb.
   222 | D        | Found a sparkling altar of Nemelex Xobeh.
   223 | D        | Found an iron altar of Okawaru.
   224 | D        | Found a stormy altar of Qazlal.
   225 | D        | Found a sacrificial altar of Ru.
   226 | D        | Found a deep blue altar of Sif Muna.
   227 | D        | Found a bloodstained altar of Trog.
   228 | D        | Found a hide-covered altar of Uskayaw.
   229 | D        | Found a radiant altar of Vehumet.
   230 | D        | Found an ornate altar of the Wu Jian Council.
   231 | D        | Found a shimmering altar of Xom.
   232 | D        | Found a basalt altar of Yredelemnul.
   233 | D        | Found a glowing silver altar of Zin.
   234 | D        | Found a glowing golden altar of the Shining One.
   283 | D        | Noticed a two-headed ogre
   283 | D        | Noticed a black bear
   301 | D        | Killed a black bear
   301 | D        | Reached skill level 10 in Fighting
   301 | D        | Reached XP level 5. HP: 38/59 MP: 4/4
   304 | D        | Reached skill level 11 in Fighting
   310 | D        | Killed a two-headed ogre
   310 | D        | Reached skill level 16 in Fighting
   310 | D        | Reached XP level 6. HP: 28/78 MP: 5/5
   310 | D        | Reached XP level 7. HP: 31/85 MP: 6/6
   322 | D        | Reached ***** piety under Trog
   462 | D        | Got the +2 dire flail of Eternal War {drain, rF- MP+9 Str+3 Dex+3}
   475 | D        | Noticed a death knight
   475 | D        | Noticed a troll
   475 | D        | Noticed a hippogriff
   475 | D        | Noticed a yak
   480 | D        | Killed a yak
   480 | D        | Reached XP level 8. HP: 94/94 MP: 7/7
   484 | D        | Killed a hippogriff
   484 | D        | Reached skill level 17 in Fighting
   488 | D        | Killed a troll
   488 | D        | Received a gift from Trog
   494 | D        | Reached skill level 18 in Fighting
   537 | D        | Mangled by a death knight

Skill      XL: |  1  2  3  4  5  6  7  8 |
---------------+-------------------------+-----
Fighting       | 6 7 10 16 18 | 18.2
Long Blades    | 6 7 8 |  8.6
Armour         | 4 8 9 |  9.4
Dodging        | |  2.3
Stealth        | |  0.6

Action                   |  1- 3 |  4- 6 |  7- 9 || total
-------------------------+-------+-------+-------++-------
Melee: Falchion          |    17 |    25 |    36 ||    78
       Headbutt          |     4 |     4 |    10 ||    18
Invok: Berserk           |       |     1 |     1 ||     2
       Trog's Hand       |       |     1 |     1 ||     2
  Use: Potion            |       |       |     3 ||     3
Armor: Animal skin       |     4 |     4 |       ||     8
Dodge: Dodged            |     6 |    20 |    25 ||    51
       Rpst.: Falchion   |     1 |     3 |     6 ||    10
